 Dungeon Crawl Stone Soup version 0.16.1-28-gcc2312f (webtiles) character file.

283 tognito the Skirmisher (level 6, -11/85 HPs)
             Began as a Minotaur Berserker on May 30, 2015.
             Was a Believer of Trog.
             Killed by divine providence
             ... invoked by an orc priest
              (16 damage)
             ... on level 3 of the Dungeon.
             The game lasted 00:09:32 (2136 turns).

tognito the Skirmisher (Minotaur Berserker)         Turns: 2136, Time: 00:09:34

Health: -11/85     AC: 11    Str: 28    XL:     6   Next: 7%
Magic:  0/3        EV:  7    Int:  4    God:    Trog [**....]
Gold:   103        SH:  3    Dex: 10    Spells: 0 memorised, 5 levels left

rFire  . . .     SeeInvis .     a - +0 hand axe
rCold  . . .     Clarity  .     n - +0 plate armour
rNeg   . . .     SustAb   .     k - +0 buckler
rPois  .         Gourm    .     (helmet restricted)
rElec  .         Spirit   +     (no cloak)
rCorr  .         Warding  .     (no gloves)
rMut   .         Stasis   .     (no boots)
MR     .....                    g - amulet of guardian spirit
Stlth  ..........               (no ring)
                                (no ring)

@: berserking, very quick, not resistant to hostile enchantments, extremely
unstealthy
A: retaliatory headbutt, horns 2
a: Burn Spellbooks, Berserk, Trog's Hand, Renounce Religion


You were on level 3 of the Dungeon.
You worshipped Trog.
Trog was pleased with you.
You were not hungry.

You visited 1 branch of the dungeon, and saw 3 of its levels.

You collected 103 gold pieces.

Inventory:

Hand weapons
 a - a +0 hand axe (weapon)
 b - a +1 hunting sling of flaming
 d - a +0 hand axe
 y - a cursed -1 arbalest
Missiles
 j - 6 javelins (quivered)
 q - 13 arrows
 t - 45 sling bullets
Armour
 k - a +0 buckler (worn)
 n - a +0 plate armour (worn)
 u - a +0 plate armour
Jewellery
 g - an amulet of guardian spirit (around neck)
Scrolls
 e - a scroll of blinking {unknown}
 f - 5 scrolls of identify
 i - a scroll of immolation {unknown}
 l - 3 scrolls of noise {unknown}
 m - 2 scrolls of amnesia {unknown}
 r - 2 scrolls of enchant armour {unknown}
 x - a scroll of remove curse
 A - a scroll of fog {unknown}
Potions
 h - a potion of ambrosia {unknown}
 o - a potion of might {unknown}
 p - 2 potions of restore abilities {unknown}
 s - 2 potions of magic {unknown}
 z - a potion of invisibility {unknown}
Comestibles
 c - a bread ration
 v - a beef jerky
 w - 2 meat rations
 B - 2 chunks of flesh


   Skills:
 * Level 5.8 Fighting
 + Level 4.5 Axes
 + Level 2.8 Slings
 + Level 3.7 Armour
 + Level 2.8 Dodging
 + Level 0.3 Stealth
 + Level 0.5 Shields


You had 5 spell levels left.
You didn't know any spells.

Dungeon Overview and Level Annotations

Branches:
Dungeon (3/15)

Altars:
Ashenzari
Fedhas
Okawaru


Innate Abilities, Weirdness & Mutations

You reflexively headbutt those who attack you in melee.
You have a pair of horns on your head.


Message History

The orc warrior is heavily wounded.
You hit the orc warrior. You headbutt the orc warrior!
The orc warrior is almost dead.
You block the orc warrior's attack.
You slash the orc warrior!
You feel the power of Trog in you as your rage grows.
You kill the orc warrior!
Trog accepts your kill.
Your Slings skill increases to level 2!
You hit the orc priest. You headbutt the orc priest!
You kill the orc priest!
Trog accepts your kill.
You have reached level 6!
Your experience leads to an increase in your attributes!
Your base attributes are Str 22, Int 4, Dex 10.
Increase (S)trength, (I)ntelligence, or (D)exterity?
You feel stronger.
The orc priest calls down the wrath of Beogh upon you.
Something smites you!
You die...

#.# #...# #.#
#.### #.# #.#
#.# #)# #.####.#
( #......# ..(##
######.#
....(..#######.#
...P.P.o)@.....#
...._(..######.#
(.P.P.. #.#
....... #.#
.###... #.# ####
#.# #.# #.# .


You could see an orc priest.

Vanquished Creatures
  An orc warrior (D:3)
  An orc priest (D:3)
  An orc wizard (D:3)
  7 adders
  4 worms
  A giant gecko (D:3)
  An orc (D:3)
  A giant cockroach (D:3)
  7 goblins
  5 hobgoblins
  5 kobolds
  A ball python (D:2)
  7 bats
  A giant newt (D:1)
  5 rats
48 creatures vanquished.

Notes
Turn   | Place    | Note
--------------------------------------------------------------
     0 | D:1      | tognito, the Minotaur Berserker, began the quest for the Orb.
     0 | D:1      | Reached XP level 1. HP: 19/19 MP: 1/1
   396 | D:1      | Reached XP level 2. HP: 16/27 MP: 1/1
   415 | D:1      | Reached skill level 4 in Fighting
   434 | D:1      | HP: 1/27 [poisoned by an adder]
  1015 | D:2      | Reached XP level 3. HP: 27/34 MP: 2/2
  1258 | D:2      | Acquired Trog's second power
  1385 | D:2      | Reached XP level 4. HP: 29/41 MP: 2/2
  1461 | D:2      | Found an iron altar of Okawaru.
  1681 | D:2      | Reached skill level 5 in Fighting
  1843 | D:3      | Found a shattered altar of Ashenzari.
  2108 | D:3      | Found a blossoming altar of Fedhas.
  2118 | D:3      | Noticed an orc warrior
  2126 | D:3      | Reached skill level 1 in Slings
  2126 | D:3      | Reached XP level 5. HP: 34/48 MP: 1/2
  2135 | D:3      | Killed an orc warrior
  2136 | D:3      | Reached XP level 6. HP: 5/57 MP: 0/3
  2136 | D:3      | Killed from afar by an orc priest

Action                   |  1- 3 |  4- 6 || total
-------------------------+-------+-------++-------
Melee: Hand axe          |    66 |    41 ||   107
 Fire: Hunting sling     |       |    47 ||    47
Invok: Berserk           |       |     1 ||     1
  Use: Potion            |     2 |       ||     2
       Scroll            |     3 |     2 ||     5
  Eat: Chunk             |     1 |     3 ||     4
